 Dungeon Crawl Stone Soup version 0.17-a0-2127-g1cb09f6 (console) character file.

511 Kellhus the Slasher (level 6, 0/47 HPs)
             Began as a Mummy Chaos Knight on Oct 22, 2015.
             Slain by a goblin (4 damage)
             ... led by Robin
             ... on level 4 of the Dungeon.
             The game lasted 00:07:14 (3420 turns).

Kellhus the Slasher (Mummy Chaos Knight)            Turns: 3420, Time: 00:07:14

Health: 0/47       AC:  6    Str: 18    XL:     6   Next: 99%
Magic:  6/6        EV: 11    Int: 11    God:    Xom [..*...]
Gold:   171        SH:  0    Dex: 11    Spells: 0 memorised, 5 levels left

rFire  . . .     SeeInvis .     a - +0 falchion (chaos)
rCold  + . .     Clarity  .     b - +2 leather armour
rNeg   + + +     SustAt   .     (no shield)
rPois  ∞         Gourm    .     (no helmet)
rElec  .         Spirit   .     c - +0 cloak
rCorr  .         Warding  .     (no gloves)
rMut   .         Stasis   .     (no boots)
MR     .....                    o - amulet of rage
Stlth  +.........               n - ring of protection from fire
                                j - +2 ring of slaying

@: about to teleport, very slightly contaminated, not resistant to hostile
enchantments, very unstealthy
A: no food or potions, fire vulnerability, cold resistance 1, negative energy
resistance 3, torment resistance, unbreathing
a: Renounce Religion


You were on level 4 of the Dungeon.
You worshipped Xom.
You were a toy of Xom.
You were not hungry.

You visited 1 branch of the dungeon, and saw 4 of its levels.
You also visited: Sewer.

You collected 171 gold pieces.

Inventory:

Hand Weapons
 a - a +0 falchion of chaos (weapon)
Armour
 b - a +2 leather armour (worn)
 c - a +0 cloak (worn)
 l - a +0 plate armour
Magical Staves
 s - an uncursed staff of wizardry {unknown}
Jewellery
 j - a +2 ring of slaying (left hand)
 k - an uncursed ring of stealth
 n - a ring of protection from fire (right hand)
 o - an amulet of rage (around neck)
 p - a +3 ring of dexterity
 r - an uncursed ring of see invisible
Wands
 q - a wand of cold (1)
Scrolls
 e - 4 scrolls of identify


   Skills:
 - Level 3.0 Fighting
 + Level 6.6 Long Blades
 - Level 1.5 Armour
 - Level 0.7 Dodging


You had 5 spell levels left.
You didn't know any spells.

Dungeon Overview and Level Annotations

Branches:
Dungeon (4/15)
 Temple: D:4-7

Altars:
Ru

Annotations:
D:4 Robin


Innate Abilities, Weirdness & Mutations

You do not eat or drink.
Your flesh is vulnerable to fire.
You are immune to poison.
Your flesh is cold resistant.
You are immune to negative energy.
You are immune to unholy pain and torment.
You can survive without breathing.


Message History

Here: a goblin, wielding a dagger of electrocution (consumed by blood-lust)
A stone.
An open door.
Read which item? (? for menu, Esc to quit)
Blink to where?
Press: ? - help, Dir - move target cursor You are very lightly contaminated with residual magic.
As you read the scroll of blinking, it crumbles to dust.
Robin's horned helmet rattles.
Robin throws the goblin at you!
* * * LOW HITPOINT WARNING * * *
The goblin unwields an uncursed hunting sling.
The goblin hits you but does no damage.
Read which item? (? for menu, Esc to quit)
As you read the scroll of teleportation, it crumbles to dust.
You feel strangely unstable.
Xom's attention almost turns to you for a moment.
You feel a bit tired. Robin throws the goblin at you!
The goblin barely misses you. The goblin hits you.
You die...

..#########.......#......##
......#...#.......#[......#
......#...#.......##+####.#
......†..g#####'##........#
......#og.(......#........#
......#...#.gg...#........#
....g.#..g#..g...#........#
.ggg..#..g#.....g#........#
..gggg#...#....g@+........#
......#g###############≈..#
###.g.)g(.....##≈≈.≈.≈≈≈≈.#
#.........(.#≈.≈≈≈≈≈≈≈≈#....
#...........#.!#########....#
#...........#..≈≈≈≈≈≈## ......
#...........##≈.≈†.†..##.....≈
#............##≈≈≈≈≈≈..#....§≈
#...........#########..#....≈§


You could see Robin and 5 goblins.

Vanquished Creatures
  Menkaure (D:4)
  Purgy (Sewer)
  An ogre (D:4)
  An orc wizard (D:3)
  A giant frog skeleton (D:4)
  5 adders
  3 worms (D:2)
  2 orcs (D:2)
  3 ball pythons
  7 bats
  10 giant cockroaches
  13 goblins
  8 hobgoblins
  2 quokkas
  A ball python skeleton (D:4)
  5 giant geckos
  4 giant newts
  6 jackals
  9 kobolds
  7 rats
90 creatures vanquished.

Notes
Turn   | Place    | Note
--------------------------------------------------------------
     0 | D:1      | Kellhus the Mummy Chaos Knight began the quest for the Orb.
     0 | D:1      | Reached XP level 1. HP: 18/18 MP: 1/1
   121 | D:1      | XOM: silly message
   256 | D:1      | Reached XP level 2. HP: 20/24 MP: 2/2
   534 | D:1      | XOM: harmless Air miscast
   730 | D:1      | XOM: colour smoke trail
   738 | D:2      | Reached XP level 3. HP: 29/29 MP: 3/3
   784 | D:2      | XOM: polymorph orc -> giant cockroach
  1002 | D:1      | XOM: 7-stop teleportation journey
  1131 | D:2      | XOM: 5-stop teleportation journey
  1138 | D:2      | XOM: potion effect (agility)
  1165 | D:2      | Reached skill level 4 in Long Blades
  1235 | D:2      | XOM: medium Ice miscast
  1282 | D:2      | Reached XP level 4. HP: 26/35 MP: 4/4
  1360 | D:2      | XOM: vitrification
  1372 | D:2      | XOM: vitrification
  1373 | D:2      | XOM: enchant monster (good)
  1393 | D:2      | XOM: 1-stop teleportation journey
  1699 | D:2      | XOM is BORED!
  1699 | D:2      | XOM: stat loss: -2 Dex (9/11)
  1854 | D:3      | XOM: mild Fire miscast
  1884 | D:3      | XOM: medium Chrm miscast
  1925 | D:3      | XOM: divination: detect creatures
  1988 | D:3      | Found a sacrificial altar of Ru.
  2456 | D:3      | Reached XP level 5. HP: 41/41 MP: 5/5
  2685 | D:3      | XOM: divination: detect creatures
  2784 | D:4      | Reached skill level 5 in Long Blades
  2810 | D:4      | Found a glowing drain.
  2824 | Sewer    | Entered a sewer
  2909 | Sewer    | Noticed Purgy
  2909 | Sewer    | XOM: potion effect (curing)
  2913 | Sewer    | XOM: cast spell 'Olgreb's Toxic Radiance'
  2918 | Sewer    | XOM: confuse monster(s)
  2939 | Sewer    | Killed Purgy
  2939 | Sewer    | Reached XP level 6. HP: 19/47 MP: 6/6
  3059 | Sewer    | XOM: mild Chrm miscast
  3159 | Sewer    | XOM: harmless Chrm miscast
  3197 | D:4      | XOM: summons 3 hostile shadow creatures
  3271 | D:4      | XOM: mild Trmt miscast
  3279 | D:4      | Noticed an ogre
  3285 | D:4      | Killed an ogre
  3285 | D:4      | Reached skill level 6 in Long Blades
  3303 | D:4      | Noticed Menkaure
  3305 | D:4      | XOM: divination: detect items
  3375 | D:4      | Killed Menkaure
  3391 | D:4      | Noticed Robin
  3415 | D:4      | XOM: cast spell 'Metabolic Englaciation'
  3420 | D:4      | XOM: harmless Hex miscast
  3420 | D:4      | Slain by a goblin

Vault maps used:
D:1:      lemuel_arrival_behind_the_door_large
D:2:      guppyfry_early_orc_mine
D:3:      minmay_misc_feat_columns, nicolae_ru_great_annihilating_truth
D:4:      minmay_temple_entry_mist, gup_sewer_entry_pipe, uniq_menkaure,
          uniq_crazy_yiuf_cottage, uniq_robin, uniq_natasha
Sewer:    sewer_the_crocodile

Action                   |  1- 3 |  4- 6 || total
-------------------------+-------+-------++-------
Melee: Falchion          |   126 |   189 ||   315
Evoke: Wand              |       |     2 ||     2
  Use: Scroll            |       |    10 ||    10
 Stab: Petrified         |       |     5 ||     5
